AoeStats
← Abetterhandle

MegaRandom

505627394Analyzed
4v4 RM · 22d ago on Sep 10, 2026· 52m 49s· 8 players
Game mode
Random Map
Map size
Large (8 player)
Population
200
Speed
Normal
Resources
Standard
Victory
Conquest
Starting age
Dark Age
Ending age
Imperial Age
RankedLock teamsTeams togetherTeam positionsShared explorationLock speedFull tech treeHidden civsTurbo modeCheats
Victory
Defeat
🇨🇳 Britons · China
1014
+13
🇦🇺 Cumans · Australia
1008
+14
🇨🇦 Aztecs · Canada
964
+15
🇳🇿 Malians · New Zealand
955
+16
🇹🇷 Magyars · Türkiye
1101
-21
🇨🇳 Poles · China
1015
-17
🇮🇳 Franks · India
849
-10
🇹🇷 Burgundians · Türkiye
839
-10
LostDog
10:14 Feudal Age
13:14 Double-Bit Axe
18:22 Castle Age
17:15 Horse Collar
17:34 Loom
21:49 Bow Saw
21:58 Stone Mining
23:02 Redemption
三脚猫功夫
3:28 Loom
10:21 Feudal Age
11:44 Double-Bit Axe
11:42 Horse Collar
12:08 Gold Mining
18:49 Castle Age
17:06 Stone Mining
17:50 Fletching
19:55 Bow Saw
20:28 Heavy Plow
21:35 Medium Warships
25:43 Wheelbarrow
26:06 Ballistics
26:19 Bodkin Arrow
31:23 Imperial Age
32:38 Pikeman
33:33 Forging
34:05 Yeomen
34:06 Conscription
35:58 Hand Cart
39:08 Squires
38:42 Halberdier
41:11 Chemistry
39:52 Treadmill Crane
40:46 Arson
41:41 Iron Casting
41:06 Scale Mail Armor
41:10 Bracer
43:18 Elite Longbowman
44:39 Padded Archer Armor
45:15 Iron Casting
44:41 Scale Mail Armor
45:18 Warwolf
46:34 Hoardings
47:46 Blast Furnace
47:50 Two-Man Saw
47:31 Gold Shaft Mining
47:54 Guilds
49:01 Siege Engineers
48:51 Murder Holes
49:08 Masonry
Not Dwight Kurt Schrute III
11:26 Feudal Age
9:43 Loom
14:36 Loom
16:11 Double-Bit Axe
23:45 Castle Age
22:57 Wheelbarrow
22:08 Town Watch
22:22 Fishing Lines
24:57 Hand Cart
24:42 Town Patrol
26:58 Town Patrol
33:16 Imperial Age
32:34 Bloodlines
32:37 Forging
32:33 Scale Barding Armor
34:14 Iron Casting
33:33 Cavalier
34:25 Horse Collar
35:02 Bow Saw
35:49 Paladin
37:46 Cuman Mercenaries
38:16 Gold Mining
40:42 Blast Furnace
40:03 Chain Barding Armor
45:34 Medium Warships
47:48 Gold Shaft Mining
48:30 Heavy Warships
Abetterhandle
1:50 Loom
11:04 Feudal Age
12:31 Double-Bit Axe
19:46 Castle Age
18:38 Bloodlines
21:26 Bow Saw
21:09 Horse Collar
27:22 Stone Mining
32:04 Imperial Age
29:24 Town Watch
30:12 Gold Mining
30:28 Heavy Plow
32:17 Wheelbarrow
32:14 Forging
32:10 Scale Barding Armor
32:01 Fletching
32:54 Husbandry
32:51 Heavy Camel Rider
34:29 Chain Barding Armor
35:16 Hand Cart
35:42 Iron Casting
36:15 Farimba
41:29 Plate Barding Armor
syedatun
11:43 Feudal Age
12:13 Loom
14:40 Double-Bit Axe
17:02 Castle Age
19:14 Bow Saw
21:21 Wheelbarrow
27:12 Hand Cart
26:42 Town Watch
30:28 Imperial Age
27:59 Town Patrol
28:46 Gold Mining
28:52 Stone Mining
32:03 Forging
31:59 Scale Barding Armor
33:38 Chemistry
32:04 Onager
33:26 Conscription
34:25 Gold Shaft Mining
34:24 Ballistics
33:46 Light Cavalry
35:05 Iron Casting
34:50 Chain Barding Armor
35:01 Chain Barding Armor
35:45 Chivalry
37:26 Chemistry
40:24 Blast Furnace
39:25 Scale Mail Armor
39:29 Pikeman
40:28 Fortified Wall
40:32 Halberdier
41:22 Murder Holes
44:56 Squires
comiy
11:21 Feudal Age
15:13 Wheelbarrow
16:50 Castle Age
19:27 Wheelbarrow
24:07 Double-Bit Axe
24:43 Horse Collar
26:50 Stone Mining
26:51 Gold Mining
27:31 Bow Saw
28:42 Hand Cart
29:15 Gold Shaft Mining
30:05 Scale Barding Armor
33:40 Imperial Age
31:35 Chain Barding Armor
32:24 Corvinian Army
33:42 Heavy Plow
34:58 Plate Barding Armor
33:48 Elite Magyar Huszar
34:50 Conscription
35:40 Padded Archer Armor
35:30 Fletching
36:50 Bodkin Arrow
37:10 Leather Archer Armor
37:25 Parthian Tactics
36:21 Heavy Cavalry Archer
37:07 Thumb Ring
39:05 Chemistry
40:32 Loom
40:12 Onager
42:03 Arson
41:38 Pikeman
42:53 Ring Archer Armor
42:25 Bracer
42:28 Scale Mail Armor
42:16 Treadmill Crane
43:01 Ballistics
44:42 Siege Engineers
44:32 Murder Holes
44:48 Masonry
45:21 Recurve Bow
sonsehzadee
13:47 Feudal Age
20:17 Castle Age
18:12 Double-Bit Axe
18:11 Horse Collar
18:25 Fishing Lines
19:14 Gold Mining
19:15 Stone Mining
19:53 Heavy Plow
20:13 Bow Saw
21:01 Stone Shaft Mining
23:47 Two-Man Saw
24:13 Gold Shaft Mining
26:33 Wheelbarrow
26:44 Loom
28:32 Hand Cart
29:17 Gillnets
32:34 Imperial Age
30:55 Burgundian Vineyards
31:41 Crop Rotation
31:59 Caravan
32:30 Coinage
32:11 Guilds
33:33 Scale Barding Armor
33:38 Forging
36:04 Conscription
35:07 Elite Coustillier
37:20 Chain Barding Armor
37:48 Iron Casting
37:45 Husbandry
37:53 Pikeman
38:34 Squires
38:19 Arson
40:51 Plate Barding Armor
41:24 Blast Furnace
42:01 Halberdier
kddk
10:32 Feudal Age
11:06 Double-Bit Axe
13:21 Fishing Lines
14:37 Stone Mining
15:45 Wheelbarrow
22:19 Castle Age
22:06 Forging
23:33 Medium Warships
23:15 Gillnets
24:03 Iron Casting
23:52 Gold Mining
24:15 Bow Saw
25:12 Husbandry
25:23 Bloodlines
25:09 Loom
25:27 Horse Collar
26:32 Szlachta Privileges
26:35 Scale Barding Armor
30:01 Chain Barding Armor
31:21 Loom
39:11 Imperial Age
40:06 Hand Cart
39:56 Heavy Plow
41:16 Blast Furnace
40:40 Conscription
39:43 Light Cavalry
40:10 Cavalier
40:38 Onager
40:42 Elite Obuch
43:33 Winged Hussar
Connection lost

Rejoining the realm…

Still unreachable

The connection could not be restored.

Session expired

The server has moved on; the page needs a fresh start.